 Dungeon Crawl Stone Soup version 0.19-a0-823-gd955774 (webtiles) character file.

29488 Implojin the Protected (level 13, -1/118 HPs)
             Began as a Minotaur Fighter on June 30, 2016.
             Was a High Priest of Okawaru.
             Slain by a dire elephant (7 damage)
             ... on level 6 of the Lair of Beasts.
             The game lasted 00:30:33 (4926 turns).

Implojin the Protected (Minotaur Fighter)           Turns: 4926, Time: 00:30:34

Health: -1/118     AC: 36    Str: 22    XL:     13   Next: 15%
Magic:  11/13      EV: 12    Int:  5    God:    Okawaru [*****.]
Gold:   351        SH: 14    Dex: 14    Spells: 0 memorised, 12 levels left

rFire  + . .     SeeInvis .     u - +4 war axe
rCold  + . .     Gourm    .     q - +3 gold dragon armour
rNeg   . . .     Faith    +     c - +0 shield
rPois  +         Spirit   .     v - +1 hat
rElec  .         Dismiss  .     d - +0 cloak {+Inv}
rCorr  .         Reflect  .     j - +0 pair of gloves
SustAt .         Harm     .     e - +0 pair of boots
MR     .....                    M - amulet of faith
Stlth  ..........               (no ring)
                                z - +4 ring of protection

@: heroism, not resistant to hostile enchantments, extremely unstealthy
A: retaliatory headbutt, horns 2
a: Heroism, Finesse, Renounce Religion, Evoke Invisibility


You were on level 6 of the Lair of Beasts.
You worshipped Okawaru.
Okawaru was extremely pleased with you.
You were not hungry.

You visited 2 branches of the dungeon, and saw 21 of its levels.

You collected 351 gold pieces.

Inventory:

Hand Weapons
 u - a +4 war axe (weapon)
 x - a +4 scimitar of flaming
Missiles
 k - 3 curare-tipped needles
 B - 2 exploding tomahawks (quivered)
 J - 6 steel javelins
Armour
 c - a +0 shield (worn)
 d - a +0 cloak of invisibility (worn)
 e - a +0 pair of boots (worn)
 h - a +0 cloak
 j - a +0 pair of gloves (worn)
 q - a +3 gold dragon armour (worn)
 v - a +1 hat (worn)
Jewellery
 t - an uncursed ring of fire
 z - a +4 ring of protection (left hand)
 G - an uncursed amulet of magic regeneration
 M - an amulet of faith (around neck)
Wands
 w - a wand of iceblast (7/15)
 C - a wand of acid (4/15)
 E - a wand of digging (10/24)
 N - a wand of iceblast (7/15)
Scrolls
 i - 3 scrolls of recharging
 m - a scroll of random uselessness
 n - 2 scrolls of enchant weapon
 p - 2 scrolls of fog
 s - 2 scrolls of blinking
Potions
 a - 2 potions of heal wounds
 l - 2 potions of cancellation
 D - a potion of flight
 H - a potion of degeneration
 I - a potion of cure mutation {unknown}
 K - a potion of brilliance {unknown}
 L - a potion of curing
 P - a potion of invisibility {unknown}
Comestibles
 f - 9 bread rations
 g - 2 beef jerkies
 r - 5 fruits


   Skills:
 - Level 12.1(17.1) Fighting
 - Level 12.0(17.0) Axes
 - Level 14.5(19.5) Armour
 * Level 10.8(15.8) Dodging
 - Level 10.0(15.0) Shields
 - Level 2.3 Invocations


You had 12 spell levels left.
You didn't know any spells.

Dungeon Overview and Level Annotations

Branches:
Dungeon (15/15) Lair (6/6) D:10 Vaults (0/5) D:13 D:14 Depths (0/5) D:15 Temple: D:4-7 Swamp: Lair:2-4 Shoals: Lair:2-4 Snake: Lair:2-4 Spider: Lair:2-4 Slime: Lair:5-6 Orc: D:9-12

Altars:
Ashenzari
Gozag
Okawaru
Ru
Xom
Yredelemnul

Annotations:
D:13 Azrael
Lair:3 exclusion: upstairs
Lair:4 exclusion: upstairs


Innate Abilities, Weirdness & Mutations

You reflexively headbutt those who attack you in melee.
You have a pair of horns on your head.


Message History

* * * LOW HITPOINT WARNING * * *
You stumble backwards!
You hit the dire elephant.
The dire elephant is heavily wounded.
You hit the dire elephant but do no damage.
The dire elephant is heavily wounded.
You feel like a meek peon again. The dire elephant tramples you.
* * * LOW HITPOINT WARNING * * *
You stumble backwards!
You gain the combat prowess of a mighty hero.
You block the dire elephant's attack. x2
Unknown command.
You hit the dire elephant.
The dire elephant is heavily wounded.
The dire elephant barely misses you.
The dire elephant trunk-slaps you but does no damage.
You slice the dire elephant!! You headbutt the dire elephant.
The dire elephant is severely wounded.
You hit the dire elephant.
The dire elephant is severely wounded.
You block the dire elephant's attack.
The dire elephant trunk-slaps you but does no damage.
You hit the dire elephant. You headbutt the dire elephant.
The dire elephant is severely wounded.
The dire elephant closely misses you.
The dire elephant trunk-slaps you but does no damage.
You hit the dire elephant.
The dire elephant is severely wounded.
The dire elephant tramples you.
* * * LOW HITPOINT WARNING * * *
You hold your ground!
The dire elephant closely misses you.
You slash the dire elephant! You headbutt the dire elephant!
The dire elephant is almost dead.
You hit the dire elephant but do no damage.
The dire elephant is almost dead.
The dire elephant tramples you!!
* * * LOW HITPOINT WARNING * * *
You hold your ground!
The dire elephant trunk-slaps you!
You die...

.♣ ♣♣...♣♣♣....♣ ...
♣♣...♣♣♣...♣......
♣...♣♣♣♣....♣..♣.♣♣♣♣...♣
♣..........♣♣♣%.♣♣ ♣♣♣♣
♣♣♣††...).♣♣ ♣♣..♣♣
♣♣♣.♣♣.♣♣ ♣♣..♣♣
######)♣♣♣♣♣ ♣♣♣..♣♣
......#♣ ♣♣..♣..♣ .8.8..#
♣@.♣♣†.♣ 8.8...#
♣♣Y♣♣♣♣..♣ .8.8..# ♣..♣
♣..♣ 8.8...# ♣...♣ ♣♣..
.8.8..# ♣.... ♣♣. 8.8...#
♣♣.8?♣ ♣ ......# ♣♣♣♣♣
#######


You could see a dire elephant.

Vanquished Creatures
  Gastronok (D:10)
  A dire elephant (Lair:6)
  A hydra (Lair:6)
  A catoblepas (Lair:4)
  A centaur warrior (D:14)
  A vampire mage (D:15)
  2 tengu warriors (D:15)
  2 skeletal warriors (D:15)
  A golden dragon zombie (D:15)
  A spark wasp zombie (D:15)
  An unseen horror (D:10)
  2 hill giants
  A necromancer (D:15)
  A wizard (Lair:6)
  An orc knight (D:13)
  A griffon (Lair:6)
  A manticore (D:13)
  Maurice (D:13)
  Joseph (D:9)
  A spriggan zombie (D:15)
  5 black mambas
  4 komodo dragons
  A rime drake (Lair:6)
  An efreet (D:13)
  A yaktaur skeleton (D:15)
  A troll (D:13)
  20 yaks
  A spriggan (D:7)
  2 wyverns
  A fire elemental (D:13)
  2 basilisks
  2 hippogriffs
  2 hungry ghosts
  A steam dragon (D:12)
  16 humans (D:13)
  A mottled dragon (D:13)
  3 vampire mosquitoes (D:13)
  5 water moccasins
  A hell hound (D:13)
  2 soldier ants
  9 porcupines
  2 black bears
  4 orc warriors
  A phantom (D:4)
  An ice beast (D:12)
  3 ogres
  7 centaurs (D:13)
  7 crocodiles
  6 giant frogs
  A wyvern zombie (D:12)
  2 scorpions
  A crimson imp (D:15)
  2 giant frog zombies
  7 hounds
  4 orc priests
  6 centaur skeletons
  2 jellies
  9 orc wizards
  2 worker ants (D:4)
  A hell rat (Lair:4)
  A hound skeleton (D:6)
  A howler monkey zombie (D:5)
  A worker ant zombie (D:6)
  6 adders
  10 river rats
  4 shadow imps
  An adder zombie (D:5)
  4 giant geckos
  13 orcs
  2 bats (D:2)
  A giant cockroach (D:2)
  A goblin (D:2)
  A hobgoblin (D:1)
  10 jackals
  2 quokkas
  2 ball pythons
  A giant gecko skeleton (D:7)
  2 giant newts
  A kobold (D:2)
  13 rats
  2 withered plants (D:15)
251 creatures vanquished.

Vanquished Creatures (others)
  3 bushes (D:10)
  2 fungi (D:10)
  3 plants (D:10)
8 creatures vanquished.

Grand Total: 259 creatures vanquished

Notes
Turn   | Place    | Note
--------------------------------------------------------------
     0 | D:1      | Implojin the Minotaur Fighter began the quest for the Orb.
     0 | D:1      | Reached XP level 1. HP: 19/19 MP: 0/0
    89 | D:2      | Reached skill level 3 in Axes
   217 | D:2      | Reached XP level 2. HP: 18/26 MP: 1/1
   276 | D:2      | Reached skill level 4 in Axes
   276 | D:2      | Reached XP level 3. HP: 26/31 MP: 2/2
   355 | D:4      | Noticed a phantom
   359 | D:4      | Reached skill level 5 in Axes
   359 | D:4      | Reached XP level 4. HP: 33/39 MP: 3/3
   369 | D:4      | Killed a phantom
   369 | D:4      | Reached skill level 6 in Axes
   369 | D:4      | Reached XP level 5. HP: 25/45 MP: 4/4
   400 | D:4      | Noticed an ogre
   412 | D:4      | Killed an ogre
   412 | D:4      | Reached skill level 7 in Axes
   438 | D:4      | Reached XP level 6. HP: 20/51 MP: 5/5
   521 | D:5      | Entered Level 5 of the Dungeon
   530 | D:5      | Reached skill level 8 in Axes
   651 | D:5      | Found an opulent altar of Gozag.
   683 | D:5      | HP: 1/51 [hound (3)]
   862 | D:6      | Reached skill level 9 in Axes
   923 | D:5      | Found a shattered altar of Ashenzari.
  1000 | D:7      | Reached XP level 7. HP: 27/57 MP: 6/6
  1093 | D:6      | Found an iron altar of Okawaru.
  1101 | D:6      | Became a worshipper of Warmaster Okawaru
  1187 | D:7      | Reached skill level 10 in Axes
  1213 | D:7      | Noticed a spriggan baker
  1216 | D:7      | Killed a spriggan baker
  1266 | D:7      | Reached * piety under Okawaru
  1270 | D:7      | Reached skill level 11 in Axes
  1271 | D:7      | Reached XP level 8. HP: 63/64 MP: 7/7
  1322 | D:7      | Reached skill level 12 in Axes
  1361 | D:8      | Reached ** piety under Okawaru
  1361 | D:8      | Reached skill level 4 in Fighting
  1382 | D:9      | Noticed Joseph
  1394 | D:9      | Reached skill level 5 in Fighting
  1397 | D:9      | Killed Joseph
  1397 | D:9      | Reached skill level 7 in Fighting
  1400 | D:9      | Found a shimmering altar of Xom.
  1430 | D:10     | Entered Level 10 of the Dungeon
  1431 | D:10     | Noticed Gastronok
  1442 | D:10     | Killed Gastronok
  1442 | D:10     | Reached *** piety under Okawaru
  1442 | D:10     | Reached **** piety under Okawaru
  1442 | D:10     | Reached skill level 11 in Fighting
  1442 | D:10     | Reached XP level 9. HP: 12/90 MP: 5/8
  1460 | D:10     | HP: 4/90 [orc priest/divine providence (13)]
  1723 | D:10     | Reached skill level 12 in Fighting
  1742 | D:10     | Reached skill level 1 in Invocations
  1764 | D:10     | Reached skill level 2 in Invocations
  1765 | D:10     | Reached XP level 10. HP: 26/97 MP: 6/10
  1772 | D:10     | Found a staircase to the Lair.
  1774 | D:10     | Reached skill level 4 in Shields
  1798 | D:10     | Reached skill level 5 in Shields
  1806 | D:10     | Reached ***** piety under Okawaru
  1912 | D:10     | Killed an unseen horror
  1912 | D:10     | Reached skill level 7 in Shields
  1933 | D:10     | Reached skill level 8 in Shields
  2292 | D:11     | Received a gift from Okawaru
  2302 | D:11     | Noticed a hill giant
  2310 | D:11     | Reached skill level 9 in Shields
  2313 | D:11     | Killed a hill giant
  2339 | D:11     | Reached skill level 10 in Shields
  2381 | D:12     | Reached skill level 4 in Armour
  2458 | D:13     | Reached skill level 5 in Armour
  2477 | D:13     | Reached skill level 6 in Armour
  2492 | D:13     | Noticed a manticore
  2504 | D:13     | Killed a manticore
  2504 | D:13     | Reached XP level 11. HP: 51/104 MP: 9/11
  2600 | D:13     | Reached skill level 7 in Armour
  2660 | D:13     | Noticed Maurice
  2670 | D:13     | Reached skill level 8 in Armour
  2731 | D:14     | Found a gate to the Vaults.
  2731 | D:14     | Noticed a centaur warrior
  2731 | D:14     | Noticed an orc knight
  2731 | D:14     | Noticed a hill giant
  2737 | D:13     | Noticed Azrael
  3103 | D:13     | Killed Maurice
  3144 | D:13     | Reached skill level 9 in Armour
  3196 | D:13     | Reached skill level 10 in Armour
  3196 | D:13     | Received a gift from Okawaru
  3251 | D:13     | Reached skill level 11 in Armour
  3256 | D:13     | Killed a hill giant
  3512 | D:13     | Killed an orc knight
  3512 | D:13     | Reached skill level 12 in Armour
  3522 | D:14     | Found a basalt altar of Yredelemnul.
  3537 | D:14     | Killed a centaur warrior
  3537 | D:14     | Received a gift from Okawaru
  3553 | D:15     | Entered Level 15 of the Dungeon
  3576 | D:15     | Found a sacrificial altar of Ru.
  3622 | D:15     | Found a staircase to the Depths.
  3622 | D:15     | Noticed a vampire mage
  3631 | D:15     | Noticed a phantasmal warrior
  3637 | D:15     | Noticed a phantasmal warrior
  3650 | D:15     | Killed a vampire mage
  3650 | D:15     | Reached skill level 13 in Armour
  3660 | D:15     | Reached XP level 12. HP: 55/112 MP: 6/12
  3695 | D:15     | Reached skill level 14 in Armour
  3718 | D:15     | Noticed a tengu warrior
  3720 | D:15     | Noticed a tengu warrior
  3733 | D:15     | Killed a tengu warrior
  3733 | D:15     | Reached skill level 2 in Dodging
  3752 | D:15     | Killed a tengu warrior
  3752 | D:15     | Reached skill level 3 in Dodging
  3764 | D:15     | Noticed a four-headed hydra
  3786 | D:13     | Noticed a six-headed hydra
  3799 | D:13     | Noticed a centaur warrior
  4073 | D:10     | Reached skill level 4 in Dodging
  4082 | D:10     | Reached skill level 5 in Dodging
  4091 | Lair:1   | Entered Level 1 of the Lair of Beasts
  4213 | Lair:2   | Reached skill level 6 in Dodging
  4244 | Lair:2   | Reached skill level 7 in Dodging
  4277 | Lair:2   | Noticed an eight-headed hydra
  4361 | Lair:4   | Noticed a catoblepas
  4379 | Lair:4   | Killed a catoblepas
  4379 | Lair:4   | Received a gift from Okawaru
  4379 | Lair:4   | Reached skill level 8 in Dodging
  4391 | Lair:4   | Reached ****** piety under Okawaru
  4487 | Lair:3   | Noticed a seven-headed hydra
  4557 | Lair:5   | Identified a scroll of acquirement
  4641 | Lair:6   | Entered Level 6 of the Lair of Beasts
  4646 | Lair:6   | Noticed a seven-headed hydra
  4659 | Lair:6   | Killed a one-headed hydra
  4659 | Lair:6   | Reached skill level 9 in Dodging
  4759 | Lair:6   | Noticed a dire elephant
  4761 | Lair:6   | Reached XP level 13. HP: 63/118 MP: 10/13
  4772 | Lair:6   | Reached skill level 10 in Dodging
  4790 | Lair:6   | Killed a dire elephant
  4790 | Lair:6   | Received a gift from Okawaru
  4901 | Lair:6   | Noticed a dire elephant
  4926 | Lair:6   | Slain by a dire elephant

Vault maps used:
D:1:      dpeg_arrival_tiny_k
D:3:      old_standard_altar
D:4:      hangedman_decor_slide_cut
D:5:      evilmike_ruin_ashenzari, first_bread,
          nicolae_gozag_cash_rules_everything_around_me, uniq_blork_the_orc
D:6:      minitemple
D:7:      the_bakery
D:8:      old_standard_altar, hangedman_glass_teeth
D:9:      xom_teletrap_fun, uniq_joseph
D:10:     kennysheep_blocky_room, minmay_lair_entry_grove, enter_bailey_3,
          uniq_harold, uniq_gastronok
D:12:     minmay_concentric_multi, orc_0_dummy, minivault_11,
          nrook_pool_corridor, item_on_display_a, uniq_rupert
D:13:     minmay_shop_grove, uniq_maurice, uniq_azrael
D:14:     hangedman_screamer, david_vaults_3, basic_altar,
          okawaru_ov_weapons_minmay, kennysheep_generic_room_11
D:15:     gammafunk_depths_entry_grave, serial_shops, shop, basic_altar,
          hangedman_corner_corridor
Lair:2:   cheibrodos_lair_reptile_den
Lair:3:   swamp_mist, minmay_snake_entry_guardpost_small,
          nicolae_volcano_entry_lava_flow, grunt_megastairs_4
Lair:4:   kennysheep_abandoned_house
Lair:5:   dragon1_lemuel
Lair:6:   evil_forest, slime_dummy, infiniplex_staircase_pool_2,
          grunt_megastairs_5

Skill      XL: |  1  2  3  4  5  6  7  8  9 10 11 12 13 |
---------------+----------------------------------------+-----
Axes           | 3 4 5 6 7 9 11 12 | 12.0
Fighting       | 11 12 | 12.1
Invocations    | 2 |  2.3
Shields        | 10 | 10.0
Armour         | 6 13 14 | 14.5
Dodging        | 9 10 | 10.8

Action                   |  1- 3 |  4- 6 |  7- 9 | 10-12 | 13-15 || total
-------------------------+-------+-------+-------+-------+-------++-------
Melee: War axe           |    34 |    94 |   124 |   571 |    73 ||   896
       Headbutt          |     7 |    18 |    28 |   145 |    20 ||   218
       Scimitar          |       |       |       |     9 |       ||     9
Invok: Heroism           |       |       |     5 |    34 |     4 ||    43
       Finesse           |       |       |       |     7 |     1 ||     8
  Use: Potion            |       |     6 |     2 |       |       ||     8
       Scroll            |       |     4 |       |    13 |     1 ||    18
  Eat: Fruit             |       |       |     3 |     1 |       ||     4
       Bread ration      |       |       |     1 |       |       ||     1
       Chunk             |       |       |       |     8 |       ||     8
       Pizza             |       |       |       |     1 |       ||     1
       Beef jerky        |       |       |       |     1 |       ||     1
Armor: Chain mail        |    34 |    37 |       |       |       ||    71
       Gold dragon armou |       |    19 |    65 |   364 |    31 ||   479
Dodge: Dodged            |    13 |    13 |     3 |   126 |    20 ||   175
Block: Shield            |    30 |    43 |    45 |   360 |    35 ||   513

Table legend:
 A = Turns spent in this place as a percentage of turns spent in the entire game.
 B = Non-inter-level travel turns spent in this place as a percentage of non-inter-level travel turns spent in the entire game.
 C = Inter-level travel turns spent in this place as a percentage of turns spent in this place.
 D = Turns resting spent in this place as a percentage of non-inter-level travel turns spent in this place.
 E = Turns spent auto-exploring this place as a percentage of non-inter-level travel turns spent in this place.
 F = Non-inter-level travel turns spent in this place divided by the number of levels of this place that you've seen.
                   A       B       C       D       E      F
               +-------+-------+-------+-------+-------+----------------------
         Total | 100.0 | 100.0 |   0.0 |   0.8 |   0.0 | 188.5
       Dungeon |  77.5 |  77.5 |   0.0 |   1.0 |   0.0 | 204.6
          Lair |  22.5 |  22.5 |   0.0 |   0.0 |   0.0 | 148.3
               +-------+-------+-------+-------+-------+----------------------

Table legend:
 A = Kills in this place as a percentage of kills in entire the game.
 B = Kills by you in this place as a percentage of kills by you in the entire game.
 C = Kills by friends in this place as a percentage of kills by friends in the entire game.
 D = Other kills in this place as a percentage of other kills in the entire game.
 E = Experience gained in this place as a percentage of experience gained in the entire game.
 F = Experience gained in this place divided by the number of levels of this place that you have seen.
                   A       B       C       D       E      F
               +-------+-------+-------+-------+-------+----------------------
         Total | 100.0 | 100.0 |  -nan |  -nan | 100.0 | 2006.0
       Dungeon |  77.9 |  77.9 |  -nan |  -nan |  71.2 | 1998.8
          Lair |  22.1 |  22.1 |  -nan |  -nan |  28.8 | 2024.2
               +-------+-------+-------+-------+-------+----------------------
